TOP OF THE 1ST |
Virginia Beach Whales batting - Pitching for Northville Eclipse : LHP Stanley Osborne
|
Pitching: LHP Stanley Osborne
|
|
Batting: RHB Neung-uk Yi
|
0-0: Called Strike 0-1: Ball 1-1: Swinging Strike 1-2: Foul Ball, location: 2F 1-2: Foul Ball, location: 2F 1-2: Ball 2-2: Foul Ball, location: 2F 2-2: Foul Ball, location: 2F 2-2: Foul Ball, location: 2F 2-2: Fly out, F8 (Flyball, 8RM, EV 88.8 MPH)
|
Batting: RHB Lee Montgomery
|
0-0: Fly out, F9 (Flyball, 89D, EV 95.0 MPH)
|
Batting: RHB Walt Reed
|
0-0: Called Strike 0-1: Called Strike 0-2: Ball 1-2: Ground out 5-3 (Groundball, 56, EV 87.5 MPH)
|
Top of the 1st over - 0 runs, 0 hits, 0 errors, 0 left on base; Virginia Beach 0 - Northville 0 |
BOTTOM OF THE 1ST |
Northville Eclipse batting - Pitching for Virginia Beach Whales : RHP Liu-liang Lei
|
Pitching: RHP Liu-liang Lei
|
|
Batting: RHB Ron Whelan
|
0-0: Fly out, F8 (Flyball, 8LD, EV 106.2 MPH)
|
Batting: RHB Esteban Costello
|
0-0: Called Strike 0-1: Ground out 5-3 (Groundball, 56, EV 90.0 MPH)
|
Batting: SHB António Marquis
|
0-0: Called Strike 0-1: Swinging Strike 0-2: Ball 1-2: Reached on error, E6 (Groundball, 6S, EV 83.1 MPH)
|
Batting: LHB Norberto Pacheco
|
0-0: Fly out, F6 (Popup, 6D, EV 64.4 MPH)
|
Bottom of the 1st over - 0 runs, 0 hits, 1 error, 1 left on base; Virginia Beach 0 - Northville 0 |
TOP OF THE 2ND |
Virginia Beach Whales batting - Pitching for Northville Eclipse : LHP Stanley Osborne
|
Batting: RHB Woody Maxwell
|
0-0: Called Strike 0-1: Called Strike 0-2: Ball 1-2: Ball 2-2: Ball 3-2: Base on Balls
|
Batting: RHB Alonso Gómez
|
0-0: Ball 1-0: Swinging Strike 1-1: Called Strike 1-2: Foul Ball, location: 2F 1-2: Strikes out swinging
|
Batting: RHB Victor Jensen
|
0-0: Ball 1-0: Called Strike 1-1: Ball 2-1: Ball 3-1: Called Strike 3-2: Fly out, F6 (Popup, 6, EV 51.2 MPH)
|
Batting: RHB Gregory Jones
|
Pickoff Throw to First - Out! 1-3
|
Top of the 2nd over - 0 runs, 0 hits, 0 errors, 0 left on base; Virginia Beach 0 - Northville 0 |
BOTTOM OF THE 2ND |
Northville Eclipse batting - Pitching for Virginia Beach Whales : RHP Liu-liang Lei
|
Batting: RHB Ricardo Vásquez
|
0-0: Ground out 6-3 (Groundball, 6, EV 108.1 MPH)
|
Batting: SHB Tom Lenehan
|
0-0: Ball 1-0: Swinging Strike 1-1: Fly out, F6 (Popup, P, EV 83.1 MPH)
|
Batting: RHB Melvin Todd
|
0-0: Ball 1-0: Foul Ball, location: 2F 1-1: Ball 2-1: Foul Ball, location: 2F 2-2: Strikes out swinging
|
Bottom of the 2nd over - 0 runs, 0 hits, 0 errors, 0 left on base; Virginia Beach 0 - Northville 0 |
TOP OF THE 3RD |
Virginia Beach Whales batting - Pitching for Northville Eclipse : LHP Stanley Osborne
|
Batting: RHB Gregory Jones
|
0-0: Called Strike 0-1: SOLO HOME RUN (Flyball, 7D, EV 107.5 MPH), Distance : 400 ft
|
Batting: RHB Casey Vincent
|
0-0: Called Strike 0-1: Ball 1-1: Foul Ball, location: 2F 1-2: Strikes out looking
|
Batting: RHB Lynn Medlen
|
0-0: Ball 1-0: Called Strike 1-1: Ball 2-1: Swinging Strike 2-2: Strikes out looking
|
Batting: RHB Neung-uk Yi
|
0-0: Swinging Strike 0-1: Foul Ball, location: 2F 0-2: Ball 1-2: Ball 2-2: SOLO HOME RUN (Flyball, 7LD, EV 96.2 MPH), Distance : 359 ft
|
Batting: RHB Lee Montgomery
|
0-0: Ball 1-0: Ball 2-0: Ground out 6-3 (Groundball, 6, EV 102.5 MPH)
|
Top of the 3rd over - 2 runs, 2 hits, 0 errors, 0 left on base; Virginia Beach 2 - Northville 0 |
BOTTOM OF THE 3RD |
Northville Eclipse batting - Pitching for Virginia Beach Whales : RHP Liu-liang Lei
|
Batting: SHB Zhu Sa
|
0-0: Called Strike 0-1: Ball 1-1: Ball 2-1: Ground out 6-3 (Groundball, 6M, EV 83.1 MPH)
|
Batting: RHB Manuel Marín
|
0-0: Swinging Strike 0-1: Ball 1-1: Swinging Strike 1-2: Strikes out swinging
|
Batting: RHB Ron Whelan
|
0-0: Swinging Strike 0-1: SINGLE (Line Drive, 3D, EV 104.4 MPH)
|
Batting: RHB Esteban Costello
|
0-0: Ball Ron Whelan steals 2nd base 1-0: Swinging Strike 1-1: Ball 2-1: SINGLE (Groundball, 5S, EV 70.0 MPH) (infield hit) Ron Whelan to third
|
Batting: SHB António Marquis
|
0-0: Ball 1-0: SINGLE (Groundball, 6MD, EV 106.2 MPH) Ron Whelan scores Esteban Costello to second Runner from 2nd tries for 3rd, SAFE, no throw by CF
|
Batting: LHB Norberto Pacheco
|
0-0: Ball 1-0: Ball 2-0: Ball 3-0: Called Strike 3-1: Foul Ball, location: 2F 3-2: Strikes out looking
|
Bottom of the 3rd over - 1 run, 3 hits, 0 errors, 2 left on base; Virginia Beach 2 - Northville 1 |
TOP OF THE 4TH |
Virginia Beach Whales batting - Pitching for Northville Eclipse : LHP Stanley Osborne
|
Batting: RHB Walt Reed
|
0-0: Foul Ball, location: 2F 0-1: Called Strike 0-2: Foul Ball, location: 2F 0-2: Ball 1-2: Fly out, F8 (Flyball, 8LD, EV 94.4 MPH)
|
Batting: RHB Woody Maxwell
|
0-0: Ball 1-0: Called Strike 1-1: Swinging Strike 1-2: Foul Ball, location: 2F 1-2: Strikes out looking
|
Batting: RHB Alonso Gómez
|
0-0: Called Strike 0-1: Called Strike 0-2: Strikes out swinging
|
Top of the 4th over - 0 runs, 0 hits, 0 errors, 0 left on base; Virginia Beach 2 - Northville 1 |
BOTTOM OF THE 4TH |
Northville Eclipse batting - Pitching for Virginia Beach Whales : RHP Liu-liang Lei
|
Batting: RHB Ricardo Vásquez
|
0-0: Ball 1-0: Called Strike 1-1: Fly out, F8 (Flyball, 8LD, EV 98.1 MPH)
|
Batting: SHB Tom Lenehan
|
0-0: Ground out 4-3 (Groundball, 4MD, EV 101.2 MPH)
|
Batting: RHB Melvin Todd
|
0-0: TRIPLE (Groundball, 3L, EV 105.6 MPH)
|
Batting: SHB Zhu Sa
|
0-0: Foul Ball, location: 2F 0-1: Foul Ball, location: 2F 0-2: Ball 1-2: Ground out 2-3 (Groundball, 2R, EV 69.4 MPH)
|
Bottom of the 4th over - 0 runs, 1 hit, 0 errors, 1 left on base; Virginia Beach 2 - Northville 1 |
TOP OF THE 5TH |
Virginia Beach Whales batting - Pitching for Northville Eclipse : LHP Stanley Osborne
|
Batting: RHB Victor Jensen
|
0-0: Ball 1-0: Ball 2-0: Ball 3-0: Called Strike 3-1: Bunt missed! 3-2: Fly out, F9 (Flyball, 9D, EV 94.4 MPH)
|
Batting: RHB Gregory Jones
|
0-0: Ball 1-0: Fly out, F7 (Line Drive, 7S, EV 98.1 MPH)
|
Batting: RHB Casey Vincent
|
0-0: Called Strike 0-1: Foul Ball, location: 2F 0-2: Ball 1-2: Ball 2-2: Ball 3-2: Strikes out swinging
|
Top of the 5th over - 0 runs, 0 hits, 0 errors, 0 left on base; Virginia Beach 2 - Northville 1 |
BOTTOM OF THE 5TH |
Northville Eclipse batting - Pitching for Virginia Beach Whales : RHP Liu-liang Lei
|
Batting: RHB Manuel Marín
|
0-0: Called Strike 0-1: Ball 1-1: Called Strike 1-2: Strikes out swinging
|
Batting: RHB Ron Whelan
|
0-0: Called Strike 0-1: DOUBLE (Groundball, 5L, EV 103.1 MPH)
|
Batting: RHB Esteban Costello
|
0-0: Ball 1-0: Ball 2-0: Called Strike 2-1: Foul Ball, location: 2F 2-2: SINGLE (Groundball, 6MS, EV 66.2 MPH) (infield hit) Ron Whelan to third
|
Batting: SHB António Marquis
|
0-0: Ball Esteban Costello steals 2nd, throwing error, E2 Ron Whelan scores Esteban Costello to third 1-0: Foul Ball, location: 2F 1-1: Ball 2-1: Ball 3-1: Base on Balls
|
Batting: LHB Norberto Pacheco
|
0-0: Ball António Marquis is caught stealing 2nd base 2-6 1-0: Ball 2-0: Ball 3-0: Called Strike 3-1: Fly out, F7 (Line Drive, 7D, EV 98.1 MPH)
|
Bottom of the 5th over - 1 run, 2 hits, 1 error, 1 left on base; Virginia Beach 2 - Northville 2 |
TOP OF THE 6TH |
Virginia Beach Whales batting - Pitching for Northville Eclipse : LHP Stanley Osborne
|
Batting: RHB Lynn Medlen
|
0-0: Fly out, F4 (Popup, 34, EV 59.4 MPH)
|
Batting: RHB Neung-uk Yi
|
0-0: Ball 1-0: Called Strike 1-1: Ball 2-1: Foul Ball, location: 2F 2-2: TRIPLE (Groundball, 5L, EV 101.2 MPH)
|
Pitching: LHP Wilton Rich
|
|
Batting: RHB Lee Montgomery
|
0-0: Called Strike 0-1: Ball Wild Pitch! Neung-uk Yi scores 1-1: Called Strike 1-2: Strikes out swinging
|
Batting: RHB Walt Reed
|
0-0: Swinging Strike 0-1: Called Strike 0-2: Ball 1-2: Foul Ball, location: 2F 1-2: Strikes out swinging
|
Top of the 6th over - 1 run, 1 hit, 0 errors, 0 left on base; Virginia Beach 3 - Northville 2 |
BOTTOM OF THE 6TH |
Northville Eclipse batting - Pitching for Virginia Beach Whales : RHP Liu-liang Lei
|
Batting: RHB Ricardo Vásquez
|
0-0: Ball 1-0: Fly out, F7 (Flyball, 7LM, EV 90.0 MPH)
|
Batting: SHB Tom Lenehan
|
0-0: Called Strike 0-1: Ball 1-1: SINGLE (Popup, 4MD, EV 69.4 MPH)
|
Batting: RHB Melvin Todd
|
0-0: Fly out, F8 (Flyball, 8LXD, EV 96.9 MPH)
|
Batting: SHB Zhu Sa
|
0-0: Called Strike 0-1: Foul Ball, location: 2F 0-2: Foul Ball, location: 2F 0-2: Fly out, F8 (Flyball, 8RM, EV 89.4 MPH)
|
Bottom of the 6th over - 0 runs, 1 hit, 0 errors, 1 left on base; Virginia Beach 3 - Northville 2 |
TOP OF THE 7TH |
Virginia Beach Whales batting - Pitching for Northville Eclipse : LHP Wilton Rich
|
Batting: RHB Woody Maxwell
|
0-0: Foul Ball, location: 2F 0-1: Called Strike 0-2: Ball 1-2: Strikes out swinging
|
Batting: RHB Alonso Gómez
|
0-0: Called Strike 0-1: Ball 1-1: Ball 2-1: Fly out, F9 (Flyball, 9D, EV 99.4 MPH)
|
Batting: RHB Victor Jensen
|
0-0: Fly out, F8 (Flyball, 8RS, EV 85.0 MPH)
|
Top of the 7th over - 0 runs, 0 hits, 0 errors, 0 left on base; Virginia Beach 3 - Northville 2 |
BOTTOM OF THE 7TH |
Northville Eclipse batting - Pitching for Virginia Beach Whales : RHP Liu-liang Lei
|
Batting: RHB Manuel Marín
|
0-0: Called Strike 0-1: Ball 1-1: Ball 2-1: Ball 3-1: Base on Balls
|
Batting: RHB Ron Whelan
|
0-0: Sac Bunt to 3S - play at first, batter OUT! 3-1 Manuel Marín to second
|
Batting: RHB Esteban Costello
|
0-0: Called Strike 0-1: Swinging Strike 0-2: Ball 1-2: Ball 2-2: Ball 3-2: Foul Ball, location: 2F 3-2: Ground out 5-3 (Groundball, 56, EV 83.1 MPH)
|
Batting: SHB António Marquis
|
0-0: Swinging Strike 0-1: Foul Ball, location: 2F 0-2: Foul Ball, location: 2F 0-2: SINGLE (Flyball, 78S, EV 90.6 MPH) Manuel Marín to third Runner from 3rd tries for Home, SAFE, throw by LF to home
|
Batting: LHB Norberto Pacheco
|
0-0: Ball 1-0: Called Strike António Marquis steals 2nd base 1-1: Ball 2-1: Ball 3-1: Foul Ball, location: 2F 3-2: Foul Ball, location: 2F 3-2: Strikes out swinging
|
Bottom of the 7th over - 1 run, 1 hit, 0 errors, 1 left on base; Virginia Beach 3 - Northville 3 |
TOP OF THE 8TH |
Virginia Beach Whales batting - Pitching for Northville Eclipse : LHP Wilton Rich
|
Batting: RHB Gregory Jones
|
0-0: Called Strike 0-1: Ball 1-1: Ball 2-1: Ball 3-1: Called Strike 3-2: Fly out, F3 (Popup, 23F, EV 82.5 MPH)
|
Batting: RHB Casey Vincent
|
0-0: Swinging Strike 0-1: Foul Ball, location: 2F 0-2: Ball 1-2: Foul Ball, location: 2F 1-2: Ball 2-2: Fly out, F8 (Line Drive, 8RD, EV 86.2 MPH)
|
Batting: RHB Lynn Medlen
|
0-0: Ball 1-0: Ball 2-0: Called Strike 2-1: Called Strike 2-2: Ball 3-2: Strikes out swinging
|
Top of the 8th over - 0 runs, 0 hits, 0 errors, 0 left on base; Virginia Beach 3 - Northville 3 |
BOTTOM OF THE 8TH |
Northville Eclipse batting - Pitching for Virginia Beach Whales : RHP Liu-liang Lei
|
Pitching: LHP Dave Henderson
|
|
Batting: RHB Ricardo Vásquez
|
0-0: Foul Ball, location: 2F 0-1: Ball 1-1: Foul Ball, location: 2F 1-2: Foul Ball, location: 2F 1-2: Foul Ball, location: 2F 1-2: Foul Ball, location: 2F 1-2: SOLO HOME RUN (Line Drive, 7D, EV 100.0 MPH), Distance : 400 ft
|
Batting: SHB Tom Lenehan
|
0-0: SINGLE (Groundball, 6M, EV 101.9 MPH) (infield hit)
|
Batting: RHB Melvin Todd
|
0-0: Bunt missed! 0-1: Bunted foul 0-2: SINGLE (Groundball, 56D, EV 87.5 MPH) (infield hit) Tom Lenehan to second
|
Batting: SHB Zhu Sa
|
0-0: Bunted foul 0-1: Bunt missed! 0-2: Fly out, F9 (Line Drive, 9, EV 85.0 MPH)
|
Batting: RHB Manuel Marín
|
0-0: Foul Ball, location: 2F 0-1: Ball 1-1: Swinging Strike 1-2: Ball 2-2: Ball 3-2: Base on Balls Tom Lenehan to third Melvin Todd to second
|
Batting: RHB Ron Whelan
|
0-0: Ball 1-0: Called Strike 1-1: Ball 2-1: Fly out, F4 (Line Drive, 4, EV 72.5 MPH)
|
Batting: RHB Esteban Costello
|
0-0: Ball 1-0: Fielders Choice at 2nd, 5-4 (Groundball, 5, EV 89.4 MPH)
|
Bottom of the 8th over - 1 run, 3 hits, 0 errors, 3 left on base; Virginia Beach 3 - Northville 4 |
TOP OF THE 9TH |
Virginia Beach Whales batting - Pitching for Northville Eclipse : LHP Wilton Rich
|
Pitching: RHP Matt Thomas
|
|
Pinch Hitting: SHB Mark Wofford
|
0-0: Ball 1-0: Ground out 6-3 (Groundball, 6M, EV 107.5 MPH)
|
Batting: RHB Lee Montgomery
|
0-0: Ball 1-0: Ball 2-0: Ball 3-0: Called Strike 3-1: Foul Ball, location: 2F 3-2: Fly out, F8 (Line Drive, 8LD, EV 104.4 MPH)
|
Batting: RHB Walt Reed
|
0-0: Ball 1-0: Ball 2-0: Ground out 5-3 (Groundball, 5, EV 84.4 MPH)
|
Top of the 9th over - 0 runs, 0 hits, 0 errors, 0 left on base; Virginia Beach 3 - Northville 4 |
|